 Dungeon Crawl Stone Soup version 0.31-a0-963-ga325b2283a (webtiles) character file.

Game seed: 12263252988873421172

92778 Stellion the Thaumaturge (level 16, -10/106 HPs)
             Began as a Human Conjurer on Oct 25, 2023.
             Was a High Priest of Vehumet.
             Mangled by a +0 bardiche of pain (21 damage)
             ... on level 2 of the Elven Halls.
             The game lasted 02:17:13 (27523 turns).

Stellion the Thaumaturge (Human Conjurer)          Turns: 27523, Time: 02:17:13

Health: -10/106    AC: 20    Str:  8    XL:     16   Next: 54%
Magic:  38/43      EV: 12    Int: 31    God:    Vehumet [*****.]
Gold:   379        SH:  5    Dex: 16    Spells: 5/44 levels left

rFire   + . .        I - staff of fire
rCold   . . .        (no shield)
rNeg    . . .        G - +3 ring mail {rPois}
rPois   +            F - +2 helmet {SInv}
rElec   .            N - +1 cloak {Will+}
rCorr   .            h - +1 pair of gloves
SInv    +            w - +1 pair of boots
Will    ++...        p - amulet of reflection
Stlth   ++           f - ring of magical power
HPRegen 0.37/turn    m - ring of the Worm {Fly Int+6 Dex+3}
MPRegen 0.28/turn

%: reflection
@: about to teleport, flying
A: no striking features
a: Renounce Religion


You were on level 2 of the Elven Halls.
You worshipped Vehumet.
Vehumet was extremely pleased with you.
You visited 5 branches of the dungeon, and saw 22 of its levels.
You also visited: Sewer, Ossuary and Bailey.

You collected 2701 gold pieces.
You spent 2322 gold pieces at shops.

Inventory:

Hand Weapons
 e - a +5 sling of flaming
 O - a +9 demon trident of protection
Missiles
 d - 3 atropa-tipped darts
 S - 2 throwing nets
 Y - 2 curare-tipped darts
Armour
 h - a +1 pair of gloves (worn)
 w - a +1 pair of boots (worn)
 E - a +2 robe of fire resistance
 F - a +2 helmet of see invisible (worn)
 G - a +3 ring mail of poison resistance (worn)
 H - the +3 robe of Lifelessness {rF+ rN+ Str-5}
   (You bought it in a shop on level 2 of the Orcish Mines)

   Str-5:     It affects your strength (-5).
   rF+:       It protects you from fire.
   rN+:       It protects you from negative energy.
 N - a +1 cloak of willpower (worn)
 Q - a +1 cloak
Magical Staves
 t - a staff of earth
 I - a staff of fire (weapon)
Jewellery
 a - a ring of flight
 f - a ring of magical power (left hand)
 k - a ring of fire
 m - the ring of the Worm (right hand) {Fly Int+6 Dex+3}
   (You bought it in a shop on level 12 of the Dungeon)

   [ring of intelligence]

   Int+6:     It affects your intelligence (+6).
   Dex+3:     It affects your dexterity (+3).
   Fly:       It grants you flight.
 p - an amulet of reflection (around neck)
 q - a +4 ring of protection
 r - a ring of resist corrosion
 v - a ring of poison resistance
Wands
 c - a wand of polymorph (11)
 o - a wand of paralysis (3)
 x - a wand of iceblast (10)
 R - a wand of flame (15)
Scrolls
 b - a scroll of enchant weapon
 j - 3 scrolls of fog
 u - 5 scrolls of revelation
 A - 2 scrolls of poison
 D - 2 scrolls of summoning
 J - 5 scrolls of teleportation
 K - 3 scrolls of identify
Potions
 g - 3 potions of invisibility
 i - 5 potions of curing
 l - 6 potions of brilliance
 n - a potion of heal wounds
 s - 3 potions of cancellation
 z - 6 potions of haste
 B - a potion of enlightenment
 C - a potion of mutation
Miscellaneous
 L - a lightning rod (4/4)
 M - a condenser vane


   Skills:
 + Level 3.8 Fighting
 + Level 1.9 Polearms
 + Level 4.6 Ranged Weapons
 * Level 9.0 Armour
 + Level 5.1 Dodging
 + Level 5.1 Stealth
 + Level 1.7 Shields
 + Level 14.8 Spellcasting
 + Level 11.1 Conjurations
 + Level 4.7 Necromancy
 + Level 2.1 Translocations
 + Level 3.5 Transmutations
 + Level 5.0 Fire Magic
 + Level 5.7 Ice Magic
 + Level 9.8 Air Magic
 + Level 9.3 Poison Magic
 + Level 2.6 Evocations


You had 5 spell levels left.
You knew the following spells:

 Your Spells              Type           Power      Damage    Failure   Level
a - Magic Dart            Conj           100%       1d8       1%          1
b - Searing Ray           Conj           100%       2d8       1%          2
c - Mephitic Cloud        Conj/Pois/Air  71%        N/A       1%          3
d - Poisonous Vapours     Pois/Air       100%       N/A       1%          2
e - Iskenderun's Mystic   Conj/Tloc      59%        2d12      1%          4
f - Freezing Cloud        Conj/Ice/Air   33%        6-21      1%          5
g - Scorch                Fire           100%       2d9       1%          2
h - Dispel Undead         Necr           51%        3d19      7%          4
i - Olgreb's Toxic Radia  Pois           69%        N/A       1%          4
j - Airstrike             Air            35%        2d(6-22)  1%          4
k - Fireball              Conj/Fire      41%        3d17      1%          5
l - Ignite Poison         Fire/Tmut/Pois 74%        N/A       1%          3

Your spell library contained the following spells:

 Spells                   Type           Power      Damage    Failure   Level
 Arcjolt                  Conj/Air       36%        1d46      1%          5
 Sting                    Tmut/Pois      100%       1d8       1%          1
 Cigotuvi's Dreadful Rot  Necr/Pois/Air  100%       N/A       1%          2
 Sublimation of Blood     Necr           51%        N/A       1%          2
 Wereblood                Tmut           45%        N/A       1%          2
 Dazzling Flash           Conj/Hex       100%       N/A       1%          3
 Hailstorm                Conj/Ice       66%        3d14      1%          3
 Volatile Blastmotes      Fire/Tloc      100%       2d18      1%          3
 Fulminant Prism          Conj/Hex       27%        3d14      1%          4
 Irradiate                Conj/Tmut      31%        3d22      1%          5
 Summon Lightning Spire   Summ/Air       52%        N/A       6%          4
 Animate Dead             Necr           51%        N/A       7%          4
 Call Canine Familiar     Summ           23%        N/A       14%         3
 Sigil of Binding         Hex            23%        N/A       14%         3
 Summon Guardian Golem    Hex/Summ       23%        N/A       14%         3
 Summon Ice Beast         Ice/Summ       40%        N/A       14%         4
 Yara's Violent Unravell  Hex/Tmut       17%        3d8       17%         5
 Petrify                  Tmut/Erth      34%        N/A       24%         4
 Dimensional Bullseye     Hex/Tloc       14%        N/A       30%         4
 Lee's Rapid Deconstruct  Erth           11%        3d8*      32%         5
 Animate Armour           Summ/Erth      46%        N/A       43%         4
 Leda's Liquefaction      Hex/Erth       11%        N/A       43%         4
 Conjure Ball Lightning   Conj/Air       36%        3x3d12    2%          6
 Starburst                Conj/Fire      41%        6d12      7%          6
 Simulacrum               Ice/Necr       26%        N/A       65%         6
 Death Channel            Necr           25%        N/A       71%         6
 Maxwell's Capacitive Co  Air            35%        ∞         78%         8
 Haunt                    Necr/Summ      18%        N/A       100%        7
 Monstrous Menagerie      Summ           11%        N/A       100%        7
 Discord                  Hex            11%        N/A       100%        8
 Disjunction              Tloc           18%        N/A       100%        8
 Infestation              Necr           25%        N/A       100%        8


Dungeon Overview and Level Annotations

Branches:
Dungeon (15/15)            Temple (1/1) D:7            Lair (2/5) D:8
    Orc (2/2) D:12            Elf (1/3) Orc:2        Vaults (0/5) D:13
 Depths (0/4) D:15          Sewer (visited)         Ossuary (visited)
 Bailey (visited)
  Swamp: Lair:2-3    Shoals: Lair:2-3     Snake: Lair:2-3    Spider: Lair:2-3

Altars:
Ashenzari
Cheibriados
Dithmenos
Elyvilon
Fedhas
Gozag
Hepliaklqana
Kikubaaqudgha
Makhleb
Nemelex Xobeh
Okawaru
Qazlal
Ru
Sif Muna
Trog
Uskayaw
Vehumet
Wu Jian
Xom
Yredelemnul
Zin
The Shining One

Shops:
D:6 (   D:10 **   D:12 [!=?[   Orc:2 ?[(:*

Annotations:
Lair:2 exclusion: oklob plant


Message History

Aiming: Airstrike (safe; 1% risk of failure)
Press: ? - help, Dir - move target, f/p - +1 long sword of venom
Aim: a +1 long sword of venom (heavily damaged, empty space bonus: 6/8)
The air twists around and strikes the +1 long sword of venom!
The +1 long sword of venom falls from the air.
Vehumet accepts your kill.
The deep elf knight points at you and mumbles some strange words.
The shard of ice hits you!!
The +3 long sword of holy wrath hits you!
The +3 long sword of holy wrath attacks as it pursues you!
The +3 long sword of holy wrath hits you.
The deep elf knight gestures at you while chanting.
The shard of ice hits you!
As you read the scroll of teleportation, it crumbles to dust.
You feel strangely unstable.
The +3 long sword of holy wrath hits you.
The deep elf knight casts a spell at you.
The shard of ice hits you!
* * * LOW HITPOINT WARNING * * *
The +3 long sword of holy wrath completely misses you.
The deep elf knight casts a spell at you.
The shard of ice hits you!!
* * * LOW HITPOINT WARNING * * *
You feel much better.
The +3 long sword of holy wrath hits you but does no damage.
The deep elf knight casts a spell at you.
You block the shard of ice... and reflect it back!
The shard of ice hits the deep elf knight!!
You kill the deep elf knight!
Vehumet accepts your kill.
You feel your power returning.
The +0 bardiche of pain hits you from afar!
* * * LOW HITPOINT WARNING * * *
A deep elf zephyrmancer comes into view.
It is wielding a +0 short sword.
You block the +3 long sword of holy wrath's attack.
As you read the scroll of summoning, it crumbles to dust.
Wisps of shadow whirl around you...
The +3 long sword of holy wrath hits you but does no damage.
The +0 bardiche of pain hits you from afar!!
You die...

...#)......................
...)..................e....
..........##...............
.........####..............
........).##.......).......
........................)..
...#..........E...)........
..###.........eE..(........
..# #...........@(#........
.## #...........###.......
.## ##..........## #......
..###............# ......
...#..............# ......
...........^......... ....
.....##...##...##...#
#...####.####.## #.## #####
### ### ##


You could see a deep elf zephyrmancer, 2 dancing weapons, a friendly deep elf
pyromancer (summoned) and 2 friendly fire elementals.

Vanquished Creatures
  Saint Roka (Orc:2)
  Jorgrun (Elf:1)
  Agnes (D:14)
  Kirke (Orc:2)
  2 deep elf death magi (Elf:1)
  A hydra (D:15)
  Harold (D:9)
  Erica (D:11)
  2 boulder beetles
  4 centaur warriors
  7 two-headed ogres
  12 dancing weapons
  A deep troll earth mage (D:15)
  An orc high priest (Orc:2)
  4 tengu warriors (D:14)
  8 deep elf knights
  An occultist (D:15)
  Sonja (Lair:2)
  Amaemon (D:9)
  A skyshark (Lair:2)
  A shadow wraith (D:15)
  Lodul (D:14)
  2 deep elf archers (Elf:1)
  A lindwurm (Lair:1)
  6 orc knights
  8 deep elf pyromancers
  11 deep elf zephyrmancers
  6 manticores
  7 cyclopes
  3 orc sorcerers
  18 ugly things
  An elephant (D:8)
  A cyclops (shapeshifter) (D:14)
  Joseph (D:7)
  A salamander (Lair:2)
  Maurice (D:10)
  An orange demon (D:9)
  A black mamba (Lair:2)
  A gargoyle (D:12)
  Jeremiah (D:6)
  5 kobold demonologists
  6 cane toads
  3 komodo dragons
  A rime drake (shapeshifter) (D:15)
  3 yaktaurs (D:15)
  An efreet (D:15)
  A tengu conjurer (D:14)
  10 trolls
  Prince Ribbit (D:9)
  7 blink frogs
  14 slime creatures
  A centaur simulacrum (D:15)
  A water elemental (Elf:1)
  2 vampires
  4 wyverns
  3 wraiths (D:12)
  2 shadows (D:12)
  4 yaks (D:8)
  4 hogs (Elf:1)
  6 fire bats (Lair:2)
  8 basilisks
  A fire elemental (Elf:1)
  7 vampire mosquitoes
  A steam dragon (D:9)
  Grum (D:9)
  A warg (Orc:1)
  Edmund (D:4)
  2 acid dragons
  Duvessa (D:6)
  4 water moccasins
  2 sky beasts
  3 black bears
  A hornet zombie (Ossuary)
  4 ice beasts
  29 orc warriors
  10 wolves
  3 boggarts (D:15)
  8 ogres
  14 centaurs
  A phantom (D:12)
  5 kobold brigands
  Blork the orc (D:6)
  12 bullfrogs
  2 scorpions (D:6)
  An earth elemental (Elf:1)
  A gnoll sergeant (D:9)
  2 elf skeletons (D:6)
  2 water moccasin zombies (Ossuary)
  8 wights
  Dowan (D:6)
  2 troll zombies (D:12)
  6 killer bees
  3 howler monkeys (D:12)
  An electric eel (D:12)
  7 bullfrog zombies (Ossuary)
  2 centaur zombies (Ossuary)
  4 crimson imps (D:4)
  A jelly (D:8)
  5 hounds
  13 orc priests
  2 gnoll boudas
  Crazy Yiuf (D:7)
  A sleepcap (D:4)
  Jessica (D:3)
  2 human skeletons (D:6)
  22 orc wizards
  5 iguanas
  A killer bee zombie (Ossuary)
  4 ogre zombies (D:12)
  13 mummies (Ossuary)
  A howler monkey zombie (Ossuary)
  18 gnolls
  17 adders
  4 shadow imps
  5 white imps
  2 ufetubi (D:6)
  3 worms
  3 dart slugs
  63 orcs
  4 bats
  7 endoplasms
  11 giant cockroaches
  2 gnoll zombies (D:12)
  7 goblins
  7 hobgoblins
  2 jackals (D:4)
  7 quokkas
  7 ball pythons
  15 frilled lizards
  A gnoll skeleton (D:12)
  28 kobolds
  6 orc skeletons
  12 orc zombies (D:12)
  6 rats
675 creatures vanquished.

Vanquished Creatures (others)
  2 humans (Elf:1)
  A kobold (D:11)
3 creatures vanquished.

Grand Total: 678 creatures vanquished

Notes
Turn   | Place    | Note
-------+----------+-------------------------------------------
     0 | D:1      | Stellion the Human Conjurer began the quest for the Orb.
     0 | D:1      | Reached XP level 1. HP: 13/13 MP: 3/3
    86 | D:1      | Found a faded altar of an unknown god.
   221 | D:1      | Reached XP level 2. HP: 19/19 MP: 1/5
   225 | D:1      | Learned a level 2 spell: Searing Ray
   848 | D:1      | Reached XP level 3. HP: 24/24 MP: 6/6
   875 | D:1      | Learned a level 3 spell: Mephitic Cloud
   925 | D:2      | Reached skill level 1 in Ranged Weapons
  1867 | D:3      | Reached XP level 4. HP: 30/30 MP: 7/7
  2196 | D:3      | Reached skill level 5 in Conjurations
  2218 | D:3      | Reached XP level 5. HP: 35/35 MP: 8/8
  2304 | D:3      | Noticed Jessica
  2307 | D:3      | Killed Jessica
  2308 | D:3      | Reached skill level 3 in Spellcasting
  2632 | D:3      | Learned a level 2 spell: Poisonous Vapours
  2678 | D:4      | Found a burning altar of Makhleb.
  2734 | D:4      | Noticed a black bear
  2743 | D:4      | Killed a black bear
  2744 | D:4      | Reached XP level 6. HP: 42/42 MP: 7/11
  2968 | D:4      | Found a shimmering altar of Xom.
  3024 | D:4      | Reached skill level 4 in Spellcasting
  3098 | D:4      | Reached XP level 7. HP: 47/47 MP: 13/13
  3307 | D:4      | Noticed Edmund
  3424 | D:4      | Identified the +1 bardiche "Avvot" {heavy, Dex+4}
  3497 | D:4      | Reached skill level 5 in Spellcasting
  3564 | D:4      | Killed Edmund
  3969 | D:4      | Reached skill level 1 in Poison Magic
  4052 | D:5      | Entered Level 5 of the Dungeon
  4205 | D:5      | Found a sacrificial altar of Ru.
  4225 | D:5      | Reached XP level 8. HP: 53/53 MP: 14/16
  4467 | D:5      | Reached skill level 6 in Spellcasting
  4488 | D:5      | Found a glowing drain.
  4497 | Sewer    | Entered a sewer
  5397 | D:5      | Found a hazy altar of Hepliaklqana.
  5751 | D:5      | Found a blossoming altar of Fedhas.
  6023 | D:6      | Reached skill level 1 in Fighting
  6023 | D:6      | Reached XP level 9. HP: 54/59 MP: 3/19
  6026 | D:6      | Found a sand-covered staircase.
  6031 | Ossuary  | Entered an ossuary
  6039 | Ossuary  | Learned a level 4 spell: Iskenderun's Mystic Blast
  6055 | Ossuary  | Reached skill level 7 in Spellcasting
  6447 | Ossuary  | Identified a scroll of acquirement
  6447 | Ossuary  | Acquired 502 gold pieces
  7172 | D:6      | Found a large runed translucent door.
  7172 | D:6      | Found a large runed translucent door.
  7187 | D:6      | Found a large runed translucent door.
  7187 | D:6      | Noticed a troll
  7193 | D:6      | Found a large runed translucent door.
  7397 | D:6      | Reached XP level 10. HP: 69/69 MP: 21/21
  7478 | D:6      | Noticed Blork the orc
  7491 | D:6      | Killed Blork the orc
  7655 | D:6      | Noticed Duvessa
  7657 | D:6      | Noticed Dowan
  7663 | D:6      | Killed Dowan
  7664 | D:6      | Reached skill level 1 in Air Magic
  7686 | D:6      | Killed Duvessa
  7691 | D:6      | Found a white marble altar of Elyvilon.
  7839 | D:6      | Noticed Jeremiah
  7863 | D:6      | Killed Jeremiah
  7950 | D:6      | Reached skill level 8 in Spellcasting
  8017 | D:6      | Found a bloodstained altar of Trog.
  8460 | D:6      | Found Bawat's Antique Weapon Shop.
  9012 | D:7      | Found a runed translucent door.
  9013 | D:7      | Noticed Crazy Yiuf
  9021 | D:7      | Killed Crazy Yiuf
  9183 | D:7      | Found a staircase to the Ecumenical Temple.
  9199 | Temple   | Entered the Ecumenical Temple
  9206 | Temple   | Became a worshipper of Vehumet
  9291 | D:7      | Noticed a cyclops
  9302 | D:7      | Killed a cyclops
  9565 | D:7      | Noticed Joseph
  9613 | D:7      | Killed Joseph
  9734 | D:7      | Reached skill level 1 in Polearms
  9822 | D:7      | Learned a level 5 spell: Freezing Cloud
  9840 | D:7      | Found an iron altar of Okawaru.
  9976 | D:7      | Reached * piety under Vehumet
  9976 | D:7      | Offered knowledge of Kiss of Death by Vehumet.
  9978 | D:7      | Reached skill level 9 in Spellcasting
 10037 | D:7      | Reached XP level 11. HP: 71/75 MP: 24/24
 10133 | D:8      | Noticed a two-headed ogre
 10281 | D:8      | Killed a two-headed ogre
 10282 | D:8      | Reached skill level 1 in Ice Magic
 10461 | D:8      | Noticed an elephant
 10496 | D:8      | Killed an elephant
 11250 | D:8      | Found a staircase to the Lair.
 11315 | D:8      | Identified the +1 scale mail of Ethics {Contam rElec Regen+
                  | Str+2}
 11370 | D:9      | Noticed Prince Ribbit
 11374 | D:9      | Noticed a two-headed ogre
 11382 | D:9      | Killed Prince Ribbit
 11393 | D:9      | Killed a two-headed ogre
 11776 | D:9      | Noticed Harold
 11908 | D:9      | Found a flagged portal.
 11914 | Bailey   | Entered a bailey
 12014 | Bailey   | Reached ** piety under Vehumet
 12014 | Bailey   | Offered knowledge of Sandblast by Vehumet.
 12067 | Bailey   | Noticed an orc knight
 12090 | Bailey   | Killed an orc knight
 12124 | Bailey   | Reached skill level 1 in Evocations
 12165 | Bailey   | Reached skill level 10 in Spellcasting
 12757 | D:9      | Noticed Grum
 12761 | D:9      | Noticed Amaemon
 12773 | D:9      | Reached XP level 12. HP: 81/81 MP: 18/26
 12782 | D:9      | Killed Grum
 12792 | D:9      | Killed Amaemon
 12803 | D:9      | Reached skill level 5 in Poison Magic
 13251 | D:9      | Noticed a two-headed ogre
 13263 | D:9      | Killed a two-headed ogre
 13264 | D:9      | Reached skill level 10 in Conjurations
 13456 | D:9      | Killed Harold
 13579 | D:10     | Entered Level 10 of the Dungeon
 13588 | D:10     | Noticed a two-headed ogre
 13597 | D:10     | Killed a two-headed ogre
 13615 | D:10     | Noticed Maurice
 13627 | D:10     | Killed Maurice
 13628 | D:10     | Reached skill level 5 in Air Magic
 13861 | D:10     | Reached skill level 5 in Ice Magic
 13864 | D:10     | Offered knowledge of Scorch by Vehumet.
 13868 | D:10     | Learned a level 2 spell: Scorch
 14452 | D:10     | Found Ulliezuk's Specific Store.
 14456 | D:10     | Found Xoschua's General Store.
 14464 | D:10     | Bought a book of the Tundra for 352 gold pieces
 14571 | D:11     | Noticed Erica
 14575 | D:11     | Noticed a two-headed ogre
 14581 | D:11     | Killed Erica
 14585 | D:11     | Killed a two-headed ogre
 14606 | D:11     | Learned a level 4 spell: Dispel Undead
 14733 | D:11     | Learned a level 3 spell: Volatile Blastmotes
 14799 | D:11     | Reached skill level 1 in Necromancy
 14999 | D:11     | Reached *** piety under Vehumet
 15795 | D:14     | Identified the "Plog"
 15795 | Lair:1   | Entered Level 1 of the Lair of Beasts
 15799 | Lair:1   | Reached skill level 1 in Shields
 15804 | Lair:1   | Reached skill level 11 in Spellcasting
 16072 | Lair:1   | Reached XP level 13. HP: 87/87 MP: 28/28
 16168 | Lair:1   | Reached skill level 1 in Armour
 17300 | Lair:2   | Noticed Sonja
 17306 | Lair:2   | Killed Sonja
 17320 | Lair:2   | HP: 4/87 [cane toad (14)]
 17558 | Lair:2   | Offered knowledge of Airstrike by Vehumet.
 17564 | Lair:2   | Learned a level 4 spell: Airstrike
 18045 | Lair:2   | Reached skill level 5 in Stealth
 18163 | D:12     | Found Feukov's Armour Shoppe.
 18164 | D:12     | Found Ytwaqol's Distillery.
 18164 | D:12     | Found Ixuol's Jewellery Boutique.
 18164 | D:12     | Found Ujaosier's Magic Scroll Shop.
 18215 | D:12     | Bought the ring of the Worm {Fly Int+6 Dex+3} for 873 gold
                  | pieces
 18449 | D:12     | Reached **** piety under Vehumet
 18780 | D:12     | Found a staircase to the Orcish Mines.
 18795 | D:12     | Offered knowledge of Fireball by Vehumet.
 18811 | D:12     | Learned a level 5 spell: Fireball
 19494 | D:12     | Found Teutrehe's Antique Armour Boutique.
 19530 | D:12     | Reached skill level 1 in Fire Magic
 19977 | D:13     | Noticed a centaur warrior
 20002 | D:13     | Killed a centaur warrior
 20161 | D:13     | Noticed a centaur warrior
 20165 | D:13     | Killed a centaur warrior
 20166 | D:13     | Reached XP level 14. HP: 94/94 MP: 26/29
 20368 | D:13     | Reached skill level 12 in Spellcasting
 20505 | D:13     | Reached skill level 5 in Armour
 21105 | D:13     | Found a gate to the Vaults.
 22039 | D:14     | Reached skill level 1 in Translocations
 22200 | D:14     | Reached ***** piety under Vehumet
 22203 | D:14     | Offered knowledge of Bombard by Vehumet.
 22420 | D:14     | Noticed Lodul
 22424 | D:14     | Killed Lodul
 22426 | D:14     | Reached skill level 13 in Spellcasting
 22633 | D:14     | Reached skill level 5 in Dodging
 22633 | D:14     | Noticed Agnes
 22640 | D:14     | Killed Agnes
 22833 | D:14     | Found a sacrificial altar of Ru.
 22955 | D:14     | Identified the "Rix Vyosch" (You acquired it on level 14
                  | of the Dungeon)
 22955 | D:14     | Acquired the Reference Book on the Repulsive Comitatus
 22963 | D:14     | Learned a level 4 spell: Olgreb's Toxic Radiance
 22967 | D:14     | Learned a level 3 spell: Ignite Poison
 23135 | D:15     | Entered Level 15 of the Dungeon
 23255 | D:15     | Reached XP level 15. HP: 99/99 MP: 21/32
 23484 | D:15     | Found a radiant altar of Vehumet.
 23490 | D:15     | Reached skill level 1 in Transmutations
 23831 | D:15     | Found a staircase to the Depths.
 24053 | D:12     | Bought a +2 helmet of see invisible for 279 gold pieces
 24053 | D:12     | Bought a +3 ring mail of poison resistance for 299 gold
                  | pieces
 24105 | Orc:1    | Entered Level 1 of the Orcish Mines
 24319 | Orc:2    | Entered Level 2 of the Orcish Mines
 24702 | Orc:2    | Offered knowledge of Plasma Beam by Vehumet.
 24960 | Orc:2    | Reached skill level 14 in Spellcasting
 24964 | Orc:2    | Noticed Saint Roka
 24973 | Orc:2    | Killed Saint Roka
 24990 | Orc:2    | Found Otse's Antique Weapon Emporium.
 25010 | Orc:2    | Found Julet's General Store.
 25085 | Orc:2    | Found Ugejix's Book Emporium.
 25100 | Orc:2    | Found Bottypoi's Antique Armour Emporium.
 25108 | Orc:2    | Bought a glimmering robe for 182 gold pieces
 25108 | Orc:2    | Identified the +3 robe of Lifelessness {rF+ rN+ Str-5} (You
                  | bought it in a shop on level 2 of the Orcish Mines)
 25108 | Orc:2    | Bought a glowing cloak for 240 gold pieces
 25261 | Orc:2    | Found Quumynug's Magic Scroll Shoppe.
 25262 | Orc:2    | Found a staircase to the Elven Halls.
 25269 | Orc:2    | Bought a scroll of enchant armour for 97 gold pieces
 25729 | Crypt:2  | Identified the "Hatod"
 25729 | Crypt:3  | Identified the "Cehubiel"
 25729 | Elf:1    | Entered Level 1 of the Elven Halls
 25816 | Elf:1    | Found a radiant altar of Vehumet.
 25981 | Elf:1    | Noticed Kirke
 26134 | Orc:2    | Killed Kirke
 26135 | Orc:2    | Reached XP level 16. HP: 68/106 MP: 27/34
 26623 | Elf:1    | Noticed Jorgrun
 26629 | Elf:1    | Killed Jorgrun
 27117 | Elf:1    | You are sucked into a shaft and drop 1 floor!
 27126 | Elf:2    | Reached skill level 5 in Fire Magic
 27516 | Elf:2    | Offered knowledge of Arcjolt by Vehumet.
 27521 | Elf:2    | HP: 3/106 [deep elf knight/shard of ice (20)]
 27523 | Elf:2    | Mangled by a +0 bardiche of pain

Illustrated notes

Levels and vault maps discovered:
D:1:      dpeg_arrival_rhombus, layout_basic,
          hellmonk_ecumenical_altar_heavens_door
D:2:      layout_loops_ring
D:3:      layout_basic, uniq_jessica
D:4:      layout_loops_ring, led_xom_imps, lightli_temple_of_fire,
          nicolae_titane, uniq_edmund
D:5:      layout_cave_pods, mainiacjoe_overflow_catwalk,
          mainiacjoe_overflow_large_starburst, cheibrodos_sewer_entry_bend,
          supply_closet_lemuel
D:6:      layout_loops_corners, nicolae_overflow_crystal_walls,
          mainiacjoe_overflow_brackets, serial_shops,
          nicolae_shop_back_alley_shop, serial_demonic, serial_demonic_b,
          serial_demonic_b, serial_demonic_f, serial_demonic_g,
          nicolae_ossuary_entry_catacombs, minmay_hollow_rounded_squares,
          uniq_blork_the_orc, uniq_duvessa, uniq_jeremiah
D:7:      layout_basic, okawaru_metal_pillars_3,
          minmay_temple_entry_drinking_statues, uniq_joseph,
          uniq_crazy_yiuf_cottage
D:8:      layout_basic, grunt_lair_entry_orc_guard_hut
D:9:      layout_irregular_city, enter_bailey_2, uniq_harold, uniq_grum,
          uniq_amaemon, uniq_prince_ribbit1
D:10:     layout_loops_ring, minmay_statues_item, minmay_misc_feat_alley,
          nicolae_specific_store, grunt_decor_one_mirror, uniq_maurice
D:11:     layout_irregular_city, uniq_erica
D:12:     layout_roguey, zombieorc1_lemuel, serial_shops,
          nicolae_shop_hallway_plus, nicolae_wooded_promenade,
          minmay_crystal_room
D:13:     nicolae_cairo_tiling_very_big, layout_rooms, david_vaults_1
D:14:     layout_big_octagon, nicolae_ru_sacrificial_ziggurat, uniq_lodul,
          uniq_agnes
D:15:     hellmonk_depths_entry_around_the_bend, layout_long_grid,
          chequers_serial_rivers_small_a, nicolae_vehumet_altar_sigil
Temple:   nicolae_temple_ecumenical_triangle
Lair:1:   layout_cave_pods, nicolae_volcano_entry_vermiform
Lair:2:   minmay_lair_oklob_chamber, layout_chaotic_city,
          skrybe_swamp_entry_bodies, nicolae_snake_entry_squirm,
          portal_ice_cave_entry_imps, serial_bayou_shore_a, uniq_sonja
Orc:1:    layout_caves, rock_pile
Orc:2:    grunt_orc_cross, layout_caves, serial_shops, shop
Elf:1:    eino_elf_arrival_altar, layout_loops_cross,
          gammafunk_ghost_tricky_traps, serial_shops, nicolae_lakefront_shop,
          kennysheep_underground_church, uniq_jorgrun, uniq_kirke
Elf:2:    elven_hall_of_blades_hangedman_original
          [nicolae_blade_entry_splitting_headache], layout_geoelf_octagon

Skill      XL: |  1  2  3  4  5  6  7  8  9 10 11 12 13 14 15 16 |
---------------+-------------------------------------------------+-----
Ranged Weapons | 1 4 |  4.6
Conjurations   | 5 6 7 8 9 10 11 | 11.1
Spellcasting   | 3 4 5 6 7 9 10 11 13 14 | 14.8
Poison Magic   | 1 2 4 6 7 8 9 |  9.3
Stealth        | 3 4 5 |  5.1
Fighting       | 1 2 3 |  3.8
Dodging        | 3 4 5 |  5.1
Air Magic      | 2 4 6 7 8 9 |  9.8
Polearms       | 1 |  1.9
Ice Magic      | 4 5 |  5.7
Evocations     | 1 2 |  2.6
Necromancy     | 2 4 |  4.7
Shields        | 1 |  1.7
Armour         | 4 6 8 9 |  9.0
Fire Magic     | 1 2 4 5 |  5.0
Translocations | 1 2 |  2.1
Transmutations | 2 3 |  3.5

Action                     |  1- 3 |  4- 6 |  7- 9 | 10-12 | 13-15 | 16-18 || total
---------------------------+-------+-------+-------+-------+-------+-------++-------
  Melee: Trident           |       |       |       |    11 |       |       ||    11
         Staff             |       |       |       |     3 |     3 |     1 ||     7
   Fire: Sling             |     8 |       |    41 |       |       |       ||    49
   Cast: Magic Dart        |    49 |    56 |   188 |   119 |    30 |     2 ||   444
         Searing Ray       |     2 |     8 |    65 |   143 |    60 |     4 ||   282
         Poisonous Vapours |       |     5 |     3 |   137 |   139 |    19 ||   303
         Mephitic Cloud    |       |       |     2 |    65 |    27 |     1 ||    95
         Iskenderun's Myst |       |       |       |     6 |    56 |     7 ||    69
         Freezing Cloud    |       |       |       |     8 |    19 |     2 ||    29
         Dispel Undead     |       |       |       |       |    34 |       ||    34
         Fireball          |       |       |       |       |    73 |       ||    73
         Airstrike         |       |       |       |       |    67 |    30 ||    97
         Scorch            |       |       |       |       |     9 |       ||     9
         Ignite Poison     |       |       |       |       |    79 |    21 ||   100
         Olgreb's Toxic Ra |       |       |       |       |    29 |     8 ||    37
  Evoke: Wand              |       |       |       |    26 |    17 |     3 ||    46
    Use: Scroll            |       |    12 |     9 |    13 |     9 |     4 ||    47
         Potion            |       |       |     2 |       |     8 |     5 ||    15
   Stab: Paralysed         |       |       |       |     7 |       |       ||     7
 Armour: Robe              |     5 |     4 |   106 |   173 |   143 |       ||   431
         Ring mail         |       |       |       |       |    38 |    57 ||    95
         Skin              |       |       |       |       |     2 |       ||     2
  Dodge: Dodged            |     2 |     4 |   111 |   134 |   114 |    15 ||   380
  Block: Other             |       |       |       |    35 |    54 |     7 ||    96
         Reflection        |       |       |       |     4 |    10 |     2 ||    16

Table legend: (Time is in decaauts)
 A = Elapsed time spent in this place.
 B = Non-inter-level travel time spent in this place.
 C = Inter-level travel time spent in this place.
 D = Time resting spent in this place.
 E = Time spent auto-exploring this place.
 F = Levels seen in this place.
 G = Mean time per level.
                   A        B        C        D        E       F      G
               +--------+--------+--------+--------+--------+-----+--------+
         Total |  27740 |  27012 |    728 |   6019 |  14673 |  25 | 1109.6 |
       Dungeon |  19494 |  18896 |    598 |   3413 |  11481 |  15 | 1299.6 |
        Temple |     97 |     95 |      2 |      0 |      0 |   1 |   97.0 |
          Lair |   2289 |   2162 |    127 |    406 |   1092 |   2 | 1144.5 |
  Orcish Mines |   1871 |   1871 |      0 |    633 |    706 |   2 |  935.5 |
   Elven Halls |   1582 |   1582 |      0 |   1096 |    113 |   2 |  791.0 |
         Sewer |    898 |    898 |      0 |      0 |    766 |   1 |  898.0 |
       Ossuary |    922 |    922 |      0 |    142 |    515 |   1 |  922.0 |
        Bailey |    583 |    583 |      0 |    328 |      0 |   1 |  583.0 |
               +--------+--------+--------+--------+--------+-----+--------+

Top non-repeatable levels by time:
    D:13: 2373 daAuts
     D:6: 2195 daAuts
    D:12: 2024 daAuts
     D:9: 1674 daAuts
  Lair:1: 1535 daAuts
     D:4: 1506 daAuts
     D:8: 1349 daAuts
   Elf:1: 1176 daAuts
    D:11: 1152 daAuts
     D:7: 1104 daAuts
   Orc:2: 1056 daAuts
     D:5: 953 daAuts
    D:10: 941 daAuts
     D:2: 939 daAuts
 Ossuary: 922 daAuts
